 Dungeon Crawl Stone Soup version 0.31-a0-1-g4198be8af4 (webtiles) character file.

Game seed: 16102908881985244315

464 Elsrick the Grave Robber (level 7, 0/51 HPs)
             Began as a Gnoll Necromancer on May 2, 2023.
             Slain by an orc priest
             ... wielding a +0 club
              (4 damage)
             ... on level 5 of the Dungeon.
             The game lasted 00:18:16 (4304 turns).

Elsrick the Grave Robber (Gnoll Necromancer)        Turns: 4304, Time: 00:18:17

Health: 0/51       AC:  6    Str:  7    XL:     7   Next: 8%
Magic:  2/15       EV: 13    Int: 17    God:
Gold:   158        SH:  0    Dex: 12    Spells: 13/17 levels left

rFire   . . .        l - +0 flail (holy)
rCold   . . .        (no shield)
rNeg    . . .        a - +0 robe
rPois   .            k - +1 helmet
rElec   .            d - +0 cloak
rCorr   .            i - +0 pair of gloves
SInv    .            (no boots)
Will    .....        (no amulet)
Stlth   +++          (no ring)
HPRegen 0.28/turn    (no ring)
MPRegen 0.14/turn

%: no passive effects
@: studying Stealth
A: fangs 1, strong nose, distributed training
a: no special abilities


You were on level 5 of the Dungeon.
You visited 1 branch of the dungeon, and saw 5 of its levels.

You collected 158 gold pieces.

Inventory:

Hand Weapons
 l - a +0 flail of holy wrath (weapon)
 v - a +2 vampiric dagger
Armour
 a - a +0 robe (worn)
 d - a +0 cloak (worn)
 i - a +0 pair of gloves (worn)
 j - a +2 chain mail of fire resistance
 k - a +1 helmet (worn)
Jewellery
 n - a ring of see invisible
Scrolls
 c - 2 scrolls of identify {unknown}
 e - a scroll of butterflies {unknown}
 g - a scroll of blinking {unknown}
 h - 2 scrolls of fear {unknown}
 p - a scroll of magic mapping {unknown}
 r - 2 scrolls of teleportation {unknown}
 x - a scroll of noise {unknown}
Potions
 b - a potion of magic
 f - a potion of flight {unknown}
 m - a potion of attraction {unknown}
 o - 2 potions of might {unknown}
 q - a potion of degeneration {unknown}
 s - 2 potions of lignification {unknown}
 t - 2 potions of heal wounds {unknown}
 u - a potion of haste {unknown}
 w - a potion of ambrosia {unknown}


   Skills:
 + Level 2.3 Fighting
 + Level 2.3 Short Blades
 + Level 2.3 Long Blades
 + Level 2.3 Axes
 + Level 2.3 Maces & Flails
 + Level 2.3 Polearms
 + Level 2.3 Staves
 + Level 2.3 Ranged Weapons
 + Level 2.3 Throwing
 + Level 2.3 Armour
 + Level 5.2 Dodging
 + Level 5.2 Stealth
 + Level 2.3 Shields
 + Level 2.3 Unarmed Combat
 + Level 5.5 Spellcasting
 + Level 1.9 Conjurations
 + Level 1.9 Hexes
 + Level 1.9 Summonings
 + Level 7.4 Necromancy
 + Level 1.9 Translocations
 + Level 1.9 Transmutations
 + Level 1.9 Fire Magic
 + Level 1.9 Ice Magic
 + Level 1.9 Air Magic
 + Level 1.9 Earth Magic
 + Level 1.9 Poison Magic
 + Level 2.6 Invocations
 + Level 2.3 Evocations


You had 13 spell levels left.
You knew the following spells:

 Your Spells              Type           Power      Damage    Failure   Level
a - Necrotise             Necr           100%       1d9       1%          1
b - Vampiric Draining     Necr           29%        2d8       1%          3

Your spell library contained the following spells:

 Spells                   Type           Power      Damage    Failure   Level
 Apportation              Tloc           22%        N/A       6%          1
 Beastly Appendage        Tmut           22%        N/A       6%          1
 Summon Small Mammal      Summ           44%        N/A       6%          1
 Animate Dead             Necr           29%        N/A       6%          4
 Wereblood                Tmut           11%        N/A       10%         2
 Inner Flame              Hex/Fire       11%        N/A       19%         3
 Spider Form              Tmut/Pois      11%        N/A       19%         3
 Agony                    Necr           29%        N/A       19%         5
 Flame Wave               Conj/Fire      11%        2d6       52%         4
 Sticky Flame             Conj/Fire      11%        2d3       52%         4


Dungeon Overview and Level Annotations

Branches:
Dungeon (5/15)
 Temple: D:4-7

Altars:
Nemelex Xobeh
Xom

Shops:
D:3 =   D:5 (


Innate Abilities, Weirdness & Mutations

You have very sharp teeth.
Your uncanny sense of smell can sniff out nearby items.
Your experience applies equally to all skills.


Message History

The orc wizard casts a spell.
The orc wizard flickers and vanishes!
Deactivating autopickup; reactivate with Ctrl-A.
Casting: Necrotise (safe; 1% risk of failure)
Confirm with . or Enter, or press ? or * to list all spells.
Aiming: Necrotise (safe; 1% risk of failure)
Press: ? - help, Shift-Dir - straight line, f/p - scorpion
Aim: a scorpion (almost dead, chance to affect: 83%)
The scorpion barely resists.
You feel sick. The scorpion stings you.
The orc priest calls upon Beogh to heal the orc priest.
The orc priest is healed somewhat.
Casting: Necrotise (safe; 1% risk of failure)
Confirm with . or Enter, or press ? or * to list all spells.
Aiming: Necrotise (safe; 1% risk of failure)
Press: ? - help, Shift-Dir - straight line, f/p - scorpion
Aim: a scorpion (almost dead, chance to affect: 83%)
The scorpion writhes in agony.
You kill the scorpion!
You feel sick.
You have reached level 7!
You closely miss the orc priest.
You feel sick.
You hit the orc priest. Your bite misses the orc priest.
The orc priest is moderately wounded.
You feel sick.
The orc priest invokes the aid of Beogh against you.
Pain shoots through your body!
* * * LOW HITPOINT WARNING * * *
The orc priest hits you with a +0 club.
* * * LOW HITPOINT WARNING * * *
The orc priest calls upon Beogh to heal the orc priest.
The orc priest's wounds heal themselves!
You hear a shout!
You hear an angry hiss.
You sock the orc priest!
The orc priest is heavily wounded.
You feel sick.
You are no longer poisoned.
The orc priest hits you with a +0 whip.
* * * LOW HITPOINT WARNING * * *
The orc priest hits you with a +0 club.
You die...

#.# ∆ #.# ### #.#
#.. #.# ∆ #.# #.#
#.# #.# #.#
########.#
#.######........#
#o@......########
#o#####..#
#o#####..##
.o........#######
##.#.......∩.....#
........#..####.#
........#..#
###.#...#..#
#........#


You could see 4 orc priests.

Vanquished Creatures
  A scorpion (D:5)
  An orc priest (D:5)
  2 iguanas
  A sleepcap (D:4)
  Robin (D:2)
  4 gnolls
  6 adders
  2 worms
  10 orcs
  A bat (D:3)
  5 endoplasms
  2 giant cockroaches
  18 goblins
  8 hobgoblins
  5 jackals
  3 quokkas
  11 ball pythons
  3 frilled lizards
  7 kobolds
  5 rats
96 creatures vanquished.

Vanquished Creatures (collateral kills)
  A centaur (D:4)
  A dart slug (D:1)
  An endoplasm (D:4)
  A hobgoblin (D:2)
  A jackal (D:2)
  A frilled lizard (D:2)
6 creatures vanquished.

Grand Total: 102 creatures vanquished

Notes
Turn   | Place    | Note
-------+----------+-------------------------------------------
     0 | D:1      | Elsrick the Gnoll Necromancer began the quest for the Orb.
     0 | D:1      | Reached XP level 1. HP: 13/13 MP: 6/6
   232 | D:1      | Reached XP level 2. HP: 19/19 MP: 5/7
   789 | D:1      | Reached skill level 5 in Spellcasting
   789 | D:1      | Reached XP level 3. HP: 25/25 MP: 6/9
   826 | D:1      | Learned a level 3 spell: Vampiric Draining
   838 | D:1      | Reached skill level 1 in Invocations
  1488 | D:2      | Noticed Robin
  1510 | D:2      | Reached skill level 1 in Fighting
  1510 | D:2      | Reached skill level 1 in Short Blades
  1510 | D:2      | Reached skill level 1 in Long Blades
  1510 | D:2      | Reached skill level 1 in Axes
  1510 | D:2      | Reached skill level 1 in Maces & Flails
  1510 | D:2      | Reached skill level 1 in Polearms
  1510 | D:2      | Reached skill level 1 in Staves
  1510 | D:2      | Reached skill level 1 in Ranged Weapons
  1510 | D:2      | Reached skill level 1 in Throwing
  1510 | D:2      | Reached skill level 1 in Armour
  1510 | D:2      | Reached skill level 1 in Shields
  1510 | D:2      | Reached skill level 1 in Unarmed Combat
  1510 | D:2      | Reached skill level 1 in Evocations
  1534 | D:2      | Killed Robin
  1535 | D:2      | Reached XP level 4. HP: 7/32 MP: 0/11
  1735 | D:2      | Reached skill level 1 in Conjurations
  1735 | D:2      | Reached skill level 1 in Hexes
  1735 | D:2      | Reached skill level 1 in Summonings
  1735 | D:2      | Reached skill level 1 in Translocations
  1735 | D:2      | Reached skill level 1 in Transmutations
  1735 | D:2      | Reached skill level 1 in Fire Magic
  1735 | D:2      | Reached skill level 1 in Ice Magic
  1735 | D:2      | Reached skill level 1 in Air Magic
  1735 | D:2      | Reached skill level 1 in Earth Magic
  1735 | D:2      | Reached skill level 1 in Poison Magic
  2262 | D:2      | Reached XP level 5. HP: 37/37 MP: 10/12
  2512 | D:3      | Identified the +6 scale mail "Suc Jinuim" {rC+ MP+9}
  2523 | D:3      | Found Zusoak's Jewellery Shop.
  2727 | D:3      | Found a faded altar of an unknown god.
  2731 | D:3      | Found a shimmering altar of Xom.
  3564 | D:4      | Reached XP level 6. HP: 44/44 MP: 1/13
  3732 | D:4      | Reached skill level 5 in Dodging
  3836 | D:4      | Found a sparkling altar of Nemelex Xobeh.
  3989 | D:4      | Reached skill level 5 in Stealth
  4173 | D:5      | Entered Level 5 of the Dungeon
  4267 | D:5      | Found Puxaviun's Antique Weapon Emporium.
  4302 | D:5      | Reached XP level 7. HP: 18/51 MP: 2/15
  4304 | D:5      | Slain by an orc priest

Illustrated notes

Levels and vault maps discovered:
D:1:      minmay_arrival_three_doors, layout_loops_cross,
          serial_co_window_serial, co_window_paths_a, co_window_paths_a,
          co_window_of_opportunity_a, co_window_paths_a, co_window_corner_a,
          co_window_of_opportunity_c, co_window_corner_b,
          co_window_of_opportunity_c, co_window_corner_b, co_window_broadway_b,
          co_window_4corner_a, minmay_misc_feat_alley
D:2:      layout_loops_cross, uniq_robin
D:3:      layout_basic, nicolae_overflow_ecumenical_swirl, serial_shops,
          nicolae_shop_waterfront, kennysheep_nondescript
D:4:      layout_basic, mainiacjoe_overflow_catwalk, kennysheep_potato
D:5:      layout_loops_cross, minmay_temple_entry_nine_rooms, serial_shops,
          shop, uniq_crazy_yiuf_cottage, uniq_duvessa, uniq_blork_the_orc

Skill      XL: |  1  2  3  4  5  6 |
---------------+-------------------+-----
Spellcasting   | 5 |  5.5
Invocations    | 1 2 |  2.6
Fighting       | 1 2 |  2.3
Short Blades   | 1 2 |  2.3
Long Blades    | 1 2 |  2.3
Axes           | 1 2 |  2.3
Maces & Flails | 1 2 |  2.3
Polearms       | 1 2 |  2.3
Staves         | 1 2 |  2.3
Ranged Weapons | 1 2 |  2.3
Throwing       | 1 2 |  2.3
Armour         | 1 2 |  2.3
Shields        | 1 2 |  2.3
Unarmed Combat | 1 2 |  2.3
Evocations     | 1 2 |  2.3
Conjurations   | 1 |  1.9
Hexes          | 1 |  1.9
Summonings     | 1 |  1.9
Translocations | 1 |  1.9
Transmutations | 1 |  1.9
Fire Magic     | 1 |  1.9
Ice Magic      | 1 |  1.9
Air Magic      | 1 |  1.9
Earth Magic    | 1 |  1.9
Poison Magic   | 1 |  1.9
Dodging        | 5 |  5.2
Stealth        | 5 |  5.2
Necromancy     | |  7.4

Action                     |  1- 3 |  4- 6 |  7- 9 || total
---------------------------+-------+-------+-------++-------
  Melee: Spear             |     5 |       |       ||     5
         Flail             |    30 |    37 |     3 ||    70
         Bite              |     1 |     1 |       ||     2
         Punch             |       |     1 |       ||     1
   Cast: Necrotise         |    39 |   106 |       ||   145
         Vampiric Draining |     3 |     7 |       ||    10
 Armour: Robe              |    17 |    18 |       ||    35
  Dodge: Dodged            |    38 |    46 |       ||    84

Table legend: (Time is in decaauts)
 A = Elapsed time spent in this place.
 B = Non-inter-level travel time spent in this place.
 C = Inter-level travel time spent in this place.
 D = Time resting spent in this place.
 E = Time spent auto-exploring this place.
 F = Levels seen in this place.
 G = Mean time per level.
                   A        B        C        D        E       F      G
               +--------+--------+--------+--------+--------+-----+--------+
         Total |   4328 |   4186 |    142 |    311 |   2760 |   5 |  865.6 |
       Dungeon |   4328 |   4186 |    142 |    311 |   2760 |   5 |  865.6 |
               +--------+--------+--------+--------+--------+-----+--------+

Top non-repeatable levels by time:
     D:1: 1434 daAuts
     D:2: 990 daAuts
     D:3: 929 daAuts
     D:4: 842 daAuts
     D:5: 131 daAuts
